 Dungeon Crawl Stone Soup version 0.14.0-12-g87ee3b7 (webtiles) character file.

282403 Lapajee the Executioner (level 19, -12/184 HPs)
             Began as a Minotaur Berserker on Apr 13, 2014.
             Was a High Priest of Trog.
             Killed by divine providence
             ... invoked by Saint Roka (illusionary)
              (17 damage)
             ... on Level 1 of the Vaults on Apr 14, 2014.
             The game lasted 04:57:21 (42738 turns).

Lapajee the Executioner (Minotaur Berserker)       Turns: 42738, Time: 04:57:23

HP -12/184       AC 41     Str 27      XL: 19   Next: 71%
MP   7/7         EV 12     Int  5      God: Trog [*****.]
Gold 904         SH  0     Dex 14      Spells:  0 memorised, 18 levels left

rFire  + . .     SeeInvis +     n - +6,+8 battleaxe of Oozing Pus {chop, rPois SInv}
rCold  . . .     Clarity  +     q - +7 crystal plate armour of Contentment {SInv}
rNeg   . . .     Conserve .     (no shield)
rPois  +         rCorr    .     (helmet restricted)
rElec  +         rRot     .     F - +2 cloak
SustAb . .       Spirit   .     Y - +0 pair of gloves of the Illusory Wars {+Rage rElec rC+ Acc+2 Stlth+}
rMut   .         Warding  .     E - +1 pair of boots {Fly}
Saprov . . .     Stasis   .     T - amulet of clarity
MR     ++...                    v - +5,+4 ring of slaying
                                d - ring of Woixoom {Fire rElec rPois Dex+2 Acc+4}

@: invisible, exhausted, flying, very slightly contaminated, slowed, very slow,
very resistant to hostile enchantments, extremely unstealthy
A: retaliatory headbutt, horns 2, magic resistance 1, wild magic 1
a: Burn Spellbooks, Berserk, Trog's Hand, Brothers in Arms, Renounce Religion,
Evoke Berserk Rage, Stop Flying
}: 2/15 runes: serpentine, barnacled


You were on level 1 of the Vaults.
You worshipped Trog.
Trog was extremely pleased with you.
You were not hungry.

You visited 7 branches of the dungeon, and saw 39 of its levels.
You visited the Abyss 2 times.
You also visited: Labyrinth, Bailey and Ice Cave.

You collected 3706 gold pieces.
You spent 2802 gold pieces at shops.

Inventory:

Hand weapons
 n - the +6,+8 battleaxe of Oozing Pus (weapon) {chop, rPois SInv}
   (You found it on level 5 of the Dungeon)

   It inflicts extra damage upon your enemies.
   It protects you from poison.
   It enhances your eyesight.
Armour
 q - the +7 crystal plate armour of Contentment (worn) {SInv}
   (You acquired it on level 1 of the Lair of Beasts)

   It enhances your eyesight.
 E - a +1 pair of boots of flying (worn)
 F - a +2 cloak (worn)
 Y - the +0 pair of gloves of the Illusory Wars (worn) {+Rage rElec rC+ Acc+2 Stlth+}
   (You bought it in a shop on level 10 of the Dungeon)

   It affects your accuracy with ranged weapons and melee attacks (+2).
   It protects you from cold.
   It insulates you from electricity.
   It lets you go berserk.
   It makes you much more stealthy.
Magical devices
 b - a wand of lightning (8)
 e - a wand of fireball (8)
 j - a wand of paralysis (16)
 r - a wand of digging (8)
 w - a wand of polymorph (10)
 z - a wand of cold (11)
 N - a wand of confusion (12)
 P - a wand of teleportation (4)
 Q - a wand of enslavement (17)
 U - a wand of hasting (0)
Comestibles
 I - 9 bread rations
Scrolls
 l - 4 scrolls of remove curse
 t - 5 scrolls of blinking
 x - 3 scrolls of fear
 D - 5 scrolls of teleportation
 G - 4 scrolls of fog
 H - a scroll of recharging
 O - a scroll of silence
 V - 2 scrolls of summoning
 Z - 3 scrolls of magic mapping
Jewellery
 d - the ring of Woixoom (left hand) {Fire rElec rPois Dex+2 Acc+4}
   (You found it in a bailey)

   [ring of fire]

   It affects your dexterity (+2).
   It affects your accuracy with ranged weapons and melee attacks (+4).
   It insulates you from electricity.
   It protects you from poison.
 h - an uncursed ring of protection from cold
 u - an uncursed amulet of conservation
 v - a +5,+4 ring of slaying (right hand)
 y - an uncursed amulet of resist mutation
 J - a cursed ring of protection from fire
 M - the amulet "Furrec" {rCorr -Tele Acc+4}
   (You found it on level 14 of the Dungeon)

   [amulet of resist corrosion]

   It affects your accuracy with ranged weapons and melee attacks (+4).
   It prevents most forms of teleportation.
 T - an amulet of clarity (around neck)
Potions
 a - 2 potions of resistance
 g - 3 potions of restore abilities
 i - 3 potions of haste
 k - 3 potions of brilliance
 o - 6 potions of curing
 p - a potion of porridge
 s - 4 potions of agility
 C - 3 potions of might
Miscellaneous
 K - a sack of spiders


   Skills:
 * Level 19.7 Fighting
 - Level 23.5 Axes
   Level 6.0 Polearms
 + Level 18.8 Armour
 + Level 17.5 Dodging


You had 18 spell levels left.
You didn't know any spells.

Dungeon Overview and Level Annotations

Branches:
Dungeon (15/15)            Temple (0/1) D:6             Orc (4/4) D:11
    Elf (0/3) Orc:3          Lair (8/8) D:8          Shoals (5/5) Lair:6
  Snake (5/5) Lair:6        Slime (0/6) Lair:6       Vaults (1/5) D:14
 Depths (1/5) D:15

Altars:
Ashenzari
Cheibriados
Dithmenos
Kikubaaqudgha
Okawaru
Sif Muna
Zin
The Shining One
Jiyva

Shops:
D:10 [   D:11 (   D:12 *   Orc:4 *%(*   Shoals:3 ?   Shoals:4 (   Shoals:5 (

Annotations:
Vaults:1 Saint Roka


Innate Abilities, Weirdness & Mutations

You reflexively headbutt those who attack you in melee.
You have a pair of horns on your head.
You are resistant to hostile enchantments.
Your spells are a little harder to cast, but a little more powerful.


Message History

The rakshasa gestures.
The rakshasa blinks!
Saint Roka says, "Down here, you're an orc or you're nobody."
Saint Roka invokes the aid of Beogh against you.
Something smites you!
* * * LOW HITPOINT WARNING * * *
Drink which item? (? for menu, Esc to quit)
You fade into invisibility!
Saint Roka hits you with a long sword!
* * * LOW HITPOINT WARNING * * *
You are very lightly contaminated with residual magic.
Read which item? (? for menu, Esc to quit)
Blink to where?
Press: ? - help, Dir - move target cursor
As you read the scroll of blinking, it crumbles to dust.
The rakshasa gestures.
The rakshasa blinks!
Saint Roka invokes the aid of Beogh against you.
Something smites you!
You die...

#.§.oo(#+##
###o####[#
##.#.#..#.#
#..+.#..#.#
+..#.#..#.#
#..#)#+##.#
#.#...§.(####
###.........#
#.@..###### #######
###'##
......#########....#
......+.......#....+
......#.......#)...#
..>...#.......()...#
......#.......#)...#
......#.......######
#######.......#


You could see Saint Roka.

Vanquished Creatures
  A tentacled starspawn (Abyss:1)
  Frances (Shoals:1)
  Roxanne (Snake:5)
  Ilsuiw (Shoals:4)
  6 greater nagas
  4 vault wardens (Vaults:1)
  Donald (Shoals:1)
  Wiglaf (Shoals:2)
  Aizul (Shoals:1)
  An orc warlord (Orc:3)
  A deep elf demonologist (Vaults:1)
  A deep elf annihilator (Vaults:1)
  5 merfolk javelineers
  A yaktaur captain (Vaults:1)
  A minotaur (Lab)
  4 vault guards (D:14)
  A green death (Abyss:1)
  2 ettins (D:15)
  13 merfolk impalers
  4 sirens
  An ironheart preserver (Vaults:1)
  Harold (Lair:3)
  18 naga warriors
  4 ogre magi
  2 hydras
  3 rakshasas (Vaults:1)
  2 alligator snapping turtles (Shoals:3)
  A satyr (Shoals:3)
  19 anacondas
  2 ravenous feature mimics
  7 merfolk aquamancers
  2 thrashing horrors (Abyss:1)
  3 tengu warriors
  2 orc high priests (Orc:4)
  15 naga sharpshooters
  6 centaur warriors
  5 salamander mystics
  2 wretched stars (Abyss:1)
  9 shock serpents
  2 ice devils (IceCv)
  3 deep elf knights
  A catoblepas (Lair:5)
  5 skeletal warriors (Vaults:1)
  A hell knight (D:15)
  2 flayed ghosts
  A giant orange brain (Vaults:1)
  7 naga ritualists
  15 harpies
  3 ironbrand convokers (Vaults:1)
  2 ice statues (IceCv)
  4 starcursed masses (Abyss:1)
  14 sea snakes
  A large abomination (Abyss:1)
  3 unseen horrors
  6 hill giants
  6 water nymphs
  8 orc knights
  14 mana vipers
  3 red wasps
  17 salamanders
  17 griffons
  48 black mambas
  2 wolf spiders
  3 orc sorcerers (Orc:4)
  10 cyclopes
  13 manticores
  6 elephants (Lair:7)
  6 mermaids
  7 fauns
  14 guardian serpents
  Maurice (Orc:4)
  3 gargoyles
  2 vault sentinels (Vaults:1)
  2 drowned souls
  19 naga magi
  12 spiny frogs
  A tormentor (Abyss:1)
  A spiny frog (shapeshifter) (D:14)
  An ancient zyme (Abyss:1)
  5 komodo dragons
  An efreet (D:14)
  5 giant fireflies (Lair:3)
  15 yaktaurs (Vaults:1)
  2 fire drakes
  An iron devil (Orc:4)
  3 wind drakes
  33 merfolk
  7 two-headed ogres
  A minotaur skeleton (Lab)
  6 polar bears
  Prince Ribbit (D:5)
  A troll (Orc:4)
  7 blue devils (IceCv)
  A boggart (D:10)
  3 boulder beetles
  3 basilisks
  7 snapping turtles
  4 blink frogs
  2 ravens (D:13)
  5 slime creatures (D:14)
  A griffon skeleton (D:11)
  9 grizzly bears (Lair:8)
  28 water elementals
  2 wraiths (Vaults:1)
  28 yaks
  A spriggan (D:7)
  2 deep elf magi
  3 wyverns
  A hippogriff (shapeshifter) (Vaults:1)
  3 shadows
  8 sharks
  A hungry ghost (D:13)
  Eustachio (D:8)
  18 hippogriffs
  2 steam dragons
  A hill giant zombie (D:12)
  3 ynoxinuls (Abyss:1)
  32 wolves
  11 ugly things
  2 deep elf fighters
  2 neqoxecs (Abyss:1)
  2 chaos spawn
  68 nagas
  5 vampire mosquitoes
  A hill giant skeleton (D:9)
  27 water moccasins
  4 hell hounds (Lair:8)
  5 wargs (Lair:8)
  3 mottled dragons
  A necrophage (D:12)
  4 phantoms
  12 ice beasts
  6 porcupines
  An ogre skeleton (D:14)
  27 orc warriors
  8 black bears
  5 spiders (Lair:8)
  2 sky beasts
  2 small abominations (Abyss:1)
  23 ogres
  14 centaurs
  4 giant goldfish
  A yellow wasp (Lair:8)
  9 crocodiles
  3 big kobolds
  4 giant slugs
  A giant slug zombie (D:15)
  A brain worm (D:14)
  A cyclops zombie (D:12)
  A cyclops skeleton (D:15)
  2 jellies
  17 giant frogs
  A water moccasin skeleton (D:4)
  2 eyes of draining
  3 scorpions
  13 killer bees
  A tengu zombie (D:15)
  4 wights (D:6)
  2 yak skeletons (Orc:4)
  3 electric eels
  A goliath beetle (D:12)
  7 crimson imps
  19 orc priests
  A giant frog zombie (D:6)
  A two-headed ogre zombie (D:13)
  Crazy Yiuf (D:7)
  3 big fish
  7 iguanas
  22 hounds
  36 orc wizards
  13 worker ants
  2 centaur skeletons
  A quasit (D:10)
  35 sheep
  Ijyb (D:2)
  A mummy (D:10)
  3 gnolls (Bailey)
  55 green rats
  38 adders
  4 shadow imps
  2 giant mites
  2 inept feature mimics (D:6)
  12 white imps
  10 ufetubi
  8 worms
  An adder zombie (D:5)
  4 orc skeletons
  A giant eyeball (D:11)
  8 giant geckos
  2 oozes
  162 orcs
  A bat skeleton (D:5)
  3 giant cockroaches
  34 goblins
  9 hobgoblins
  39 jackals
  35 kobolds
  14 quokkas
  5 ball pythons
  28 bats
  3 giant newts
  A giant spore (D:6)
  A jackal skeleton (D:4)
  A kobold zombie (D:6)
  2 orc zombies (D:10)
  31 rats
  8 rat skeletons (Orc:4)
  4 ballistomycetes
  14 fungi
  36 plants
  A starspawn tentacle (Abyss:1)
  A starspawn tentacle segment (Abyss:1)
1740 creatures vanquished.

Vanquished Creatures (collateral kills)
  Vashnia (Snake:4)
  Maud (Lair:7)
  2 greater nagas (Snake:5)
  2 merfolk impalers (Shoals:5)
  Fannar (Lair:7)
  A hydra (Lair:7)
  A naga warrior (Snake:5)
  2 anacondas (Snake:5)
  A merfolk aquamancer (Shoals:5)
  A satyr (Shoals:3)
  A deep troll earth mage (D:15)
  An orc high priest (Orc:4)
  6 naga sharpshooters
  2 ogre magi (D:15)
  The ghost of Aelig the Basher, an experienced DsFi of Ashenzari (D:10)
  A hell knight (D:15)
  A catoblepas (Lair:8)
  A salamander mystic (Snake:5)
  A deep troll (Vaults:1)
  An orc knight (Orc:4)
  A naga ritualist (Snake:5)
  A hill giant (D:11)
  An ironbrand convoker (Vaults:1)
  Joseph (D:7)
  A wolf spider (Lair:8)
  A salamander (Snake:5)
  2 manticores
  A sixfirhy (Orc:4)
  A griffon (Shoals:4)
  2 fauns (Shoals:3)
  A red wasp (Lair:8)
  2 black mambas
  A naga mage (Snake:5)
  3 guardian serpents
  2 merfolk (Shoals:4)
  2 two-headed ogres (D:15)
  A snapping turtle (Shoals:5)
  A basilisk (D:15)
  2 water elementals
  A soldier ant (D:15)
  9 nagas (Snake:5)
  4 orc warriors
  11 ogres (D:15)
  An ice beast (Lair:7)
  A giant frog (Lair:7)
  A crimson imp (D:15)
  An orc priest (Orc:3)
  A shadow imp (D:15)
  An orc (Orc:3)
  2 rat skeletons (Orc:4)
89 creatures vanquished.

Vanquished Creatures (others)
  A greater naga (Snake:5)
  A stone giant (Snake:5)
  2 iron trolls (Snake:5)
  A sea snake (Shoals:5)
  2 deep trolls
  A hill giant (Snake:5)
  7 drowned souls
  2 trolls (Vaults:1)
  A two-headed ogre (Snake:5)
  A water elemental (Shoals:2)
  2 nagas (Snake:5)
  6 ogres
  A gnoll (D:13)
  An adder (D:10)
  A green rat (Lair:8)
  3 white imps (IceCv)
  2 ufetubi
  A giant spore (D:10)
  A rat skeleton (Orc:4)
  A fungus (Lair:8)
  3 plants
  A starspawn tentacle (Abyss:1)
  11 starspawn tentacle segments (Abyss:1)
53 creatures vanquished.

Grand Total: 1882 creatures vanquished

Notes
Turn   | Place    | Note
--------------------------------------------------------------
     0 | D:1      | Lapajee, the Minotaur Berserker, began the quest for the Orb.
     0 | D:1      | Reached XP level 1. HP: 19/19 MP: 1/1
   387 | D:1      | Reached XP level 2. HP: 27/27 MP: 1/1
   689 | D:2      | Reached skill level 4 in Fighting
   722 | D:2      | Acquired Trog's second power
   798 | D:2      | Reached XP level 3. HP: 33/33 MP: 2/2
  1031 | D:2      | Noticed Ijyb
  1047 | D:2      | Killed Ijyb
  1047 | D:2      | Reached XP level 4. HP: 31/40 MP: 2/2
  1975 | D:3      | Reached XP level 5. HP: 42/47 MP: 2/2
  1994 | D:3      | Acquired Trog's third power
  2175 | D:4      | Noticed a phantom
  2209 | D:4      | Killed a phantom
  2209 | D:4      | Reached skill level 5 in Fighting
  2209 | D:4      | Reached skill level 5 in Polearms
  2209 | D:4      | Reached XP level 6. HP: 39/56 MP: 3/3
  2845 | D:4      | Noticed a phantom
  2858 | D:4      | Reached skill level 5 in Armour
  2873 | D:4      | Killed a phantom
  2873 | D:4      | Reached XP level 7. HP: 31/62 MP: 3/3
  3228 | D:4      | Noticed an ogre
  3235 | D:4      | Killed an ogre
  3371 | D:5      | Entered Level 5 of the Dungeon
  3384 | D:5      | Reached skill level 6 in Polearms
  3494 | D:5      | Got a smoking battleaxe
  3498 | D:5      | Identified the +6,+8 battleaxe of Oozing Pus {chop, rPois SInv} (You found it on level 5 of the Dungeon)
  3625 | D:5      | Reached skill level 5 in Dodging
  3763 | D:5      | Reached skill level 1 in Axes
  3911 | D:5      | Noticed Prince Ribbit
  3931 | D:5      | Killed Prince Ribbit
  4085 | D:5      | Reached XP level 8. HP: 68/71 MP: 3/3
  4197 | D:6      | Reached skill level 5 in Axes
  4202 | D:6      | Found a glowing silver altar of Zin.
  4605 | D:6      | Reached skill level 7 in Fighting
  4659 | D:6      | Found a staircase to the Ecumenical Temple.
  5098 | D:7      | Noticed Joseph
  5106 | D:7      | Killed Joseph
  5106 | D:7      | Reached XP level 9. HP: 68/79 MP: 4/4
  5137 | D:7      | Found a shattered altar of Ashenzari.
  5205 | D:7      | Reached skill level 8 in Axes
  5487 | D:7      | Noticed Crazy Yiuf
  5491 | D:7      | Killed Crazy Yiuf
  6081 | D:8      | Found an ancient bone altar of Kikubaaqudgha.
  6085 | D:8      | Noticed Eustachio
  6091 | D:8      | Killed Eustachio
  6091 | D:8      | Reached skill level 9 in Axes
  6253 | D:8      | Found a staircase to the Lair.
  6481 | D:8      | Got a jewelled ring mail
  6498 | D:8      | Identified the cursed +5 ring mail "Sifaikih" {Int+3 Dam+6 Stlth-} (You found it on level 8 of the Dungeon)
  6760 | D:9      | Found a glowing golden altar of the Shining One.
  6864 | D:9      | Reached skill level 10 in Axes
  6865 | D:9      | Received a gift from Trog
  6892 | D:9      | Reached XP level 10. HP: 80/90 MP: 4/4
  6908 | D:9      | Found a shadowy altar of Dithmenos.
  7149 | D:10     | Entered Level 10 of the Dungeon
  7187 | D:10     | Noticed a five-headed hydra
  7187 | D:10     | Noticed a griffon
  7194 | D:10     | Killed a griffon
  7196 | D:10     | Killed a seven-headed hydra
  7200 | D:10     | Noticed an unseen horror
  7205 | D:10     | Killed an unseen horror
  7205 | D:10     | Reached skill level 11 in Axes
  7211 | D:10     | Noticed a flayed ghost
  7214 | D:10     | Killed a flayed ghost
  7238 | D:10     | Noticed a griffon
  7248 | D:10     | Killed a griffon
  7597 | D:10     | Reached skill level 10 in Fighting
  7603 | D:10     | Noticed Aelig's ghost (experienced DsFi)
  7611 | D:10     | Killed Aelig's ghost
  7673 | D:10     | Found Etaeddam's Armour Boutique.
  8165 | D:10     | Reached XP level 11. HP: 95/99 MP: 4/4
  8228 | D:11     | Found a staircase to the Orcish Mines.
  8233 | D:11     | Reached skill level 12 in Axes
  8695 | D:11     | Noticed a hill giant
  8700 | D:11     | Killed a hill giant
  8728 | D:11     | Found Xefrida's Weapon Shoppe.
  9128 | D:11     | Reached skill level 10 in Armour
  9321 | D:10     | Bought the +0 pair of gloves of the Illusory Wars {+Rage rElec rC+ Acc+2 Stlth+} for 564 gold pieces
  9485 | Lair:1   | Entered Level 1 of the Lair of Beasts
  9680 | Lair:1   | Received a gift from Trog
 10134 | Lair:1   | Identified a scroll of acquirement
 10138 | Lair:1   | Got a smelly crystal plate armour
 10163 | Lair:1   | Identified the +7 crystal plate armour of Contentment {SInv} (You acquired it on level 1 of the Lair of Beasts)
 10205 | Lair:2   | Reached skill level 13 in Axes
 10213 | Lair:2   | Upgraded the game from 0.14.0-7-g2801ba0 to 0.14.0-9-g9c5475a
 10647 | Lair:2   | Found a snail-covered altar of Cheibriados.
 11084 | Lair:2   | Reached skill level 10 in Dodging
 11288 | Lair:3   | Reached XP level 12. HP: 86/110 MP: 5/5
 11484 | Lair:3   | Received a gift from Trog
 11492 | Lair:3   | Reached skill level 14 in Axes
 11501 | Lair:3   | Got a faintly glowing cutlass {god gift}
 11502 | Lair:3   | Identified the -5,+2 cutlass of Giun Ink {flame, Int+2} (Trog gifted it to you on level 3 of the Lair of Beasts)
 11521 | Lair:3   | Noticed Harold
 11527 | Lair:3   | Killed Harold
 12158 | Lair:4   | Noticed a six-headed hydra
 12164 | Lair:4   | Killed an eight-headed hydra
 12374 | Lair:4   | Received a gift from Trog
 13064 | Lair:5   | Reached skill level 15 in Axes
 13564 | Lair:6   | Found a staircase to the Slime Pits.
 13582 | Lair:6   | Found a viscous altar of Jiyva.
 13792 | Lair:6   | Found a staircase to the Snake Pit.
 14244 | Lair:6   | Found a staircase to the Shoals.
 14319 | Lair:6   | Reached XP level 13. HP: 119/119 MP: 5/5
 14377 | Lair:7   | Noticed Fannar
 14385 | Lair:7   | Killed Fannar
 14414 | Lair:7   | Received a gift from Trog
 14539 | Lair:7   | Found a labyrinth entrance.
 14566 | Lab      | Entered a labyrinth
 15129 | Lab      | Found an exit through the horrors of the Abyss.
 15359 | Lair:7   | Noticed Maud
 15366 | Lair:7   | Killed Maud
 15944 | Lair:2   | Reached skill level 16 in Axes
 16221 | Lair:8   | Entered Level 8 of the Lair of Beasts
 16230 | Lair:8   | Got a pitted buckler
 16236 | Lair:8   | Identified the +2 buckler of the City {Dex+3 Int+4} (You acquired it on level 8 of the Lair of Beasts)
 16330 | Lair:8   | Received a gift from Trog
 16927 | Lair:8   | Received a gift from Trog
 16953 | Lair:8   | Got a fine battleaxe {god gift}
 16954 | Lair:8   | Identified the +3,+0 battleaxe of Vanity {chop, rPois Str+2} (Trog gifted it to you on level 8 of the Lair of Beasts)
 17261 | Lair:8   | Reached skill level 17 in Axes
 17279 | Lair:8   | Reached XP level 14. HP: 123/130 MP: 5/5
 17474 | Lair:8   | Received a gift from Trog
 18072 | Orc:1    | Entered Level 1 of the Orcish Mines
 18203 | Orc:1    | Found a flagged portal.
 18227 | Bailey   | Entered a bailey
 18398 | Bailey   | Got a heavily runed platinum ring
 18904 | Orc:2    | Received a gift from Trog
 19380 | Orc:3    | Noticed an orc warlord
 19392 | Orc:3    | Killed an orc warlord
 19410 | Orc:3    | Received a gift from Trog
 19762 | Orc:3    | Found a staircase to the Elven Halls.
 19963 | Orc:4    | Entered Level 4 of the Orcish Mines
 19963 | Orc:4    | Found an iron altar of Okawaru.
 19974 | Orc:4    | Received a gift from Trog
 20415 | Orc:4    | Noticed Maurice
 20424 | Orc:4    | Killed Maurice
 20615 | Orc:4    | Found Naecsajewad's Food Shop.
 20619 | Orc:4    | Received a gift from Trog
 20960 | Orc:4    | Found Haakefar's Assorted Antiques.
 20964 | Orc:4    | Found Klail's General Store.
 20964 | Orc:4    | Found Schikk's Antique Weapon Emporium.
 20980 | Orc:4    | Bought a meat ration for 85 gold pieces
 20980 | Orc:4    | Bought a scroll of enchant weapon I for 59 gold pieces
 20984 | Orc:4    | Bought a scroll labeled TWUCHOARHIA for 38 gold pieces
 20984 | Orc:4    | Bought a black potion for 34 gold pieces
 20990 | Orc:4    | Bought a sausage for 16 gold pieces
 20990 | Orc:4    | Bought a bread ration for 61 gold pieces
 20990 | Orc:4    | Bought a meat ration for 70 gold pieces
 20990 | Orc:4    | Bought a bread ration for 61 gold pieces
 20990 | Orc:4    | Bought a meat ration for 70 gold pieces
 20990 | Orc:4    | Bought a bread ration for 61 gold pieces
 20990 | Orc:4    | Bought a bread ration for 61 gold pieces
 20990 | Orc:4    | Bought a bread ration for 61 gold pieces
 21664 | D:12     | Reached skill level 18 in Axes
 21742 | D:12     | Found Etoczere's Assorted Antiques.
 21753 | D:12     | Bought 2 scrolls of identify for 100 gold pieces
 21756 | D:12     | Identified the ring of Woixoom {Fire rElec rPois Dex+2 Acc+4} (You found it in a bailey)
 22250 | D:13     | Received a gift from Trog
 22586 | D:13     | Found a frozen archway.
 22605 | IceCv    | Entered an ice cave
 22867 | IceCv    | Got a steaming demon whip
 22911 | IceCv    | Identified the +8,+7 demon whip of Siumn {vamp, +Rage +Inv rPois rC- Stlth--} (You found it in an ice cave)
 23353 | D:14     | Got a warped ivory amulet
 23393 | D:14     | Found a gate to the Vaults.
 23398 | D:14     | Reached XP level 15. HP: 139/139 MP: 6/6
 23694 | D:14     | Found a deep blue altar of Sif Muna.
 23927 | D:14     | Received a gift from Trog
 24079 | D:15     | Entered Level 15 of the Dungeon
 24181 | D:15     | Reached skill level 19 in Axes
 24207 | D:15     | Reached skill level 15 in Fighting
 24557 | D:15     | Found a staircase to the Depths.
 24833 | D:15     | Reached skill level 15 in Armour
 24840 | D:15     | Received a gift from Trog
 25013 | D:15     | Identified the amulet "Furrec" {rCorr -Tele Acc+4} (You found it on level 14 of the Dungeon)
 25100 | Depths:1 | Entered Level 1 of the Depths
 25351 | D:12     | Bought a scroll of acquirement for 1300 gold pieces
 25852 | Snake:1  | Entered Level 1 of the Snake Pit
 26001 | Snake:1  | Got a fine whip
 26002 | Snake:1  | Identified the +4,+1 whip of the Beast {distort, Str+3} (You found it on level 1 of the Snake Pit)
 26003 | Snake:1  | Cast into the Abyss (a distortion unwield)
 26278 | Abyss:1  | Noticed a tentacled starspawn
 26282 | Abyss:1  | Noticed a bone dragon
 26286 | Abyss:1  | Killed a tentacled starspawn
 26340 | Snake:1  | Escaped the Abyss
 26444 | Snake:1  | Reached XP level 16. HP: 133/149 MP: 5/5
 26529 | Snake:1  | Reached skill level 20 in Axes
 27306 | Snake:1  | Received a gift from Trog
 28327 | Snake:3  | Received a gift from Trog
 29632 | Snake:4  | Reached skill level 21 in Axes
 29703 | Snake:4  | Received a gift from Trog
 29776 | Snake:4  | Noticed Vashnia
 29794 | Snake:4  | Reached skill level 15 in Dodging
 29800 | Snake:4  | Killed Vashnia
 30521 | Snake:4  | Reached XP level 17. HP: 144/159 MP: 6/6
 30875 | Snake:5  | Entered Level 5 of the Snake Pit
 31140 | Snake:5  | Received a gift from Trog
 31806 | Snake:5  | Received a gift from Trog
 31829 | Snake:5  | Reached skill level 22 in Axes
 32396 | Snake:5  | Noticed Roxanne
 32407 | Snake:5  | Killed Roxanne
 33064 | Snake:5  | Got a serpentine rune of Zot
 33317 | Snake:5  | Received a gift from Trog
 33454 | Snake:5  | Reached XP level 18. HP: 157/170 MP: 7/7
 34602 | Shoals:1 | Entered Level 1 of the Shoals
 34602 | Shoals:1 | Noticed Frances
 34606 | Shoals:1 | Noticed Aizul
 34615 | Shoals:1 | Killed Aizul
 34616 | Shoals:1 | Killed Frances
 34781 | Shoals:1 | Noticed Donald
 34792 | Shoals:1 | Killed Donald
 35497 | Shoals:2 | Received a gift from Trog
 35514 | Shoals:2 | Noticed Wiglaf
 35530 | Shoals:2 | Killed Wiglaf
 36497 | Shoals:3 | Reached skill level 23 in Axes
 36531 | Shoals:3 | Found Duahytympe's Magic Scroll Shop.
 36539 | Shoals:3 | Bought a scroll of blinking for 105 gold pieces
 36539 | Shoals:3 | Bought a scroll of identify for 28 gold pieces
 36539 | Shoals:3 | Bought a scroll of identify for 28 gold pieces
 37936 | Shoals:4 | Received a gift from Trog
 37955 | Shoals:4 | Found Proninin's Weapon Shoppe.
 38772 | Shoals:5 | Entered Level 5 of the Shoals
 38780 | Shoals:5 | Noticed Ilsuiw
 38831 | Shoals:4 | Killed Ilsuiw
 39429 | Shoals:5 | Received a gift from Trog
 39911 | Shoals:5 | Identified a +8 rod of shadows (11/11) (You took it off a merfolk on level 5 of the Shoals)
 39925 | Shoals:5 | Reached XP level 19. HP: 178/180 MP: 7/7
 40788 | Shoals:5 | Found Furgh's Weapon Shop.
 40891 | Shoals:5 | Cast into the Abyss (merfolk aquamancer)
 40942 | Abyss:1  | Found a viscous altar of Jiyva.
 40998 | Shoals:5 | Escaped the Abyss
 41038 | Shoals:5 | Got a barnacled rune of Zot
 41507 | Shoals:5 | Received a gift from Trog
 41887 | Lair:1   | Gained mutation: Your spells are a little harder to cast, but a little more powerful. [potion of beneficial mutation]
 41888 | Lair:1   | Gained mutation: You are resistant to hostile enchantments. [potion of beneficial mutation]
 41900 | Lair:1   | Upgraded the game from 0.14.0-9-g9c5475a to 0.14.0-12-g87ee3b7
 42185 | Vaults:1 | Entered Level 1 of the Vaults
 42567 | Vaults:1 | Received a gift from Trog
 42702 | Vaults:1 | Noticed Saint Roka
 42736 | Vaults:1 | HP: 4/184 [Saint Roka (illusionary)/long sword (16)]
 42738 | Vaults:1 | Killed from afar by Saint Roka (illusionary)

Action                   |  1- 3 |  4- 6 |  7- 9 | 10-12 | 13-15 | 16-18 | 19-21 || total
-------------------------+-------+-------+-------+-------+-------+-------+-------++-------
Melee: Spear             |   144 |   218 |       |       |       |       |       ||   362
       Trident           |       |    33 |    37 |       |       |       |       ||    70
       Battleaxe         |       |       |   177 |   488 |  1047 |  1088 |   317 ||  3117
       Unarmed           |       |       |       |       |     8 |       |       ||     8
       War axe           |       |       |       |       |     1 |       |       ||     1
Invok: Burn Spellbooks   |       |       |     4 |     2 |     2 |     6 |     1 ||    15
       Brothers in Arms  |       |       |     1 |     4 |    15 |    19 |     5 ||    44
       Berserk           |       |       |       |     2 |     6 |     7 |     2 ||    17
       Trog's Hand       |       |       |       |       |       |       |     2 ||     2
Evoke: Wand              |       |       |     2 |    12 |     4 |     3 |     1 ||    22
  Use: Scroll            |     6 |     7 |     3 |    18 |    12 |    10 |     3 ||    59
       Potion            |       |       |       |       |     5 |    13 |     4 ||    22
 Stab: Distracted        |       |       |     1 |       |     1 |     1 |       ||     3
       Petrifying        |       |       |       |       |     1 |       |       ||     1
       Petrified         |       |       |       |       |     1 |       |       ||     1
